 Dungeon Crawl Stone Soup version 0.25-a0-435-g4b9beb1024 (webtiles) character file.

Game seed: 5121139459904940924, levelgen mode: deterministic

162 Nixze the Insei (level 5, -4/45 HPs)
             Began as a Naga Transmuter on Jan 26, 2020.
             Killed by nerve-wracking pain
             ... invoked by Grinder
              (9 damage)
             ... on level 3 of the Dungeon.
             The game lasted 00:07:14 (3014 turns).

Nixze the Insei (Naga Transmuter)                   Turns: 3014, Time: 00:07:15

Health: -4/45      AC:  2    Str: 12    XL:     5   Next: 43%
Magic:  5/8        EV: 19    Int: 17    God:
Gold:   41         SH:  5    Dex: 21    Spells: 3/9 levels left

rFire    . . .     SeeInvis +     - Unarmed
rCold    . . .     Gourm    .   (shield currently unavailable)
rNeg     . . .     Faith    .   (armour currently unavailable)
rPois    x         Spirit   .   (helmet currently unavailable)
rElec    .         Reflect  +   (cloak currently unavailable)
rCorr    .         Harm     .   (gloves currently unavailable)
MR       .....                  (no barding)
Stlth    ++........             c - +5 amulet of reflection
HPRegen  0.15/turn              m - +4 ring of dexterity
MPRegen  0.11/turn              p - +3 ring of intelligence

@: spider-form (expiring)
A: tiny, see invisible, slow metabolism 1, spit poison 1, AC +1
a: Spit Poison, End Transformation


You were on level 3 of the Dungeon.
You were hungry.
You were a venomous arachnid creature.
You visited 1 branch of the dungeon, and saw 3 of its levels.

You collected 41 gold pieces.

Inventory:

Missiles
 a - 39 arrows
Armour
 b - a +0 robe (melded)
Jewellery
 c - a +5 amulet of reflection (around neck)
 m - a +4 ring of dexterity (left front leg)
 p - a +3 ring of intelligence (right front leg)
Scrolls
 e - a scroll of teleportation {unknown}
 f - a scroll of blinking {unknown}
 i - a scroll of fog {unknown}
 j - a scroll of immolation
 k - a scroll of identify {unknown}
 l - a scroll of remove curse
 o - a scroll of amnesia {unknown}
Potions
 g - a potion of brilliance {unknown}
 h - 2 potions of curing {unknown}
 n - 2 potions of heal wounds {unknown}
Comestibles
 d - 4 rations


   Skills:
 + Level 2.0 Fighting
 - Level 1.5 Dodging
 * Level 4.0 Unarmed Combat
 + Level 2.5 Spellcasting
 * Level 3.4 Transmutations
 - Level 2.0 Poison Magic


You had 3 spell levels left.
You knew the following spells:

 Your Spells              Type           Power        Failure   Level  Hunger
a - Beastly Appendage     Tmut           ##....       14%         1    #......
b - Sticks to Snakes      Tmut           ##......     19%         2    ##.....
c - Spider Form           Tmut/Pois      ##........   38%         3    ###....

Your spell library contained the following spells:

 Spells                   Type           Power        Failure   Level  Hunger
 Ice Form                 Ice/Tmut       #.......     83%         4    #####..
 Blade Hands              Tmut           ##........   90%         5    ######.


Dungeon Overview and Level Annotations

Branches:
Dungeon (3/15)

Altars:
Uskayaw

Annotations:
D:3 Grinder


Innate Abilities, Weirdness & Mutations

You cannot wear boots.
((Your serpentine skin is tough. (AC +1)))
You have supernaturally acute eyesight. (SInv)
((Armour fits poorly on your strangely shaped body.))
((Your system is resistant to poisons. (rPois)))
((You cover ground very slowly.))
You have a slow metabolism.
You can spit poison.


Message History

Press: ? - help, Shift-Dir - straight line, f/p - Grinder
Aim: Grinder (moderately wounded, poisoned)
The splash of poison hits Grinder but does no damage.
Grinder looks even sicker.
Grinder is moderately wounded.
You feel slightly more hungry. You block Grinder's attack.
You hit Grinder.
Grinder is moderately wounded.
Grinder barely misses you.
You hit Grinder.
Grinder is heavily wounded.
Grinder hits you!
* * * LOW HITPOINT WARNING * * *
You writhe in agony.
* * * LOW HITPOINT WARNING * * *
Your magical contamination has completely faded away.
You have got your breath back.
Grinder gestures at you. Pain shoots through your body!
You die...

.........# #.#######
.......(.# #.#.....#
.........###......### ###
###
.........##..)..#.###.###.#
.......##.....(#.#.#.#.#.
#.....##......#.#.#.#.#.
#.....###.##.###.###.###
###5#####..#.# ###.###.#
#.....s...#.# #...<..
#...........# #......
#...........# #......
#...........# #######
##.###......# #.# #.....>#
#.# #.....## #. #.....#
#####.#


You could see Grinder.

Vanquished Creatures
  A hound (D:2)
  Natasha (thrice) (D:2)
  2 adders (D:2)
  2 worms (D:2)
  4 giant cockroaches
  4 goblins
  6 hobgoblins
  3 jackals (D:1)
  2 kobolds
  A ball python (D:2)
  3 bats
  3 frilled lizards
  A leopard gecko skeleton (D:2)
  5 rats
40 creatures vanquished.

Notes
Turn   | Place    | Note
-------+----------+-------------------------------------------
     0 | D:1      | Nixze the Naga Transmuter began the quest for the Orb.
     0 | D:1      | Reached XP level 1. HP: 18/18 MP: 3/3
   347 | D:1      | Reached XP level 2. HP: 24/25 MP: 5/5
  1287 | D:1      | Reached XP level 3. HP: 31/31 MP: 4/6
  1575 | D:1      | Learned a level 2 spell: Sticks to Snakes
  1579 | D:1      | Learned a level 3 spell: Spider Form
  1777 | D:2      | Noticed Natasha
  1786 | D:2      | Reached skill level 1 in Poison Magic
  1786 | D:2      | Reached XP level 4. HP: 23/39 MP: 4/7
  1791 | D:2      | Killed Natasha
  1995 | D:2      | Noticed Natasha
  2001 | D:2      | Killed Natasha
  2119 | D:2      | Reached XP level 5. HP: 40/45 MP: 4/8
  2245 | D:2      | Noticed Natasha
  2250 | D:2      | Killed Natasha
  2345 | D:2      | Found a hide-covered altar of Uskayaw.
  2365 | D:2      | Reached skill level 4 in Unarmed Combat
  2969 | D:3      | Noticed Grinder
  2969 | D:3      | Paralysed by Grinder for 4 turns
  3000 | D:3      | Paralysed by Grinder for 4 turns
  3014 | D:3      | Killed from afar by Grinder

Levels and vault maps discovered:
D:1:      noname_arrival_rooms_in_the_neighbourhood, layout_basic
D:2:      layout_basic, lemuel_crystal_altar, first_ration, st_stairs_13,
          uniq_natasha
D:3:      minmay_razor_zed, layout_basic, overflow_temple_1_default,
          grunt_decor_resistance, uniq_grinder

Skill      XL: |  1  2  3  4  5 |
---------------+----------------+-----
Poison Magic   | 1 2 |  2.0
Transmutations | 3 |  3.4
Fighting       | 2 |  2.0
Unarmed Combat | 4 |  4.0
Dodging        | |  1.5
Spellcasting   | |  2.5

Action                   |  1- 3 |  4- 6 || total
-------------------------+-------+-------++-------
Melee: Unarmed           |   100 |    58 ||   158
       Punch             |     2 |       ||     2
       Headbutt          |     2 |       ||     2
 Cast: Beastly Appendage |     6 |     3 ||     9
       Spider Form       |     4 |     8 ||    12
 Abil: Spit Poison       |     2 |     4 ||     6
  Use: Scroll            |     1 |     2 ||     3
 Stab: Sleeping          |     1 |       ||     1
  Eat: Chunk             |     2 |     4 ||     6
Armor: Robe              |     2 |     1 ||     3
       Skin              |       |     1 ||     1
Dodge: Dodged            |    53 |    36 ||    89
Block: Other             |       |     2 ||     2

Table legend:
 A = Non-vault XP
 B = Vault XP
 C = Vault XP percentage of total XP
 D = Non-vault monster count
 E = Vault monster count
 F = Vault count percentage of total count
                 A         B        C        D         E       F
            +---------+---------+-------+---------+---------+-------
      Total |     195 |      37 |  15.9 |      38 |       2 |   5.0
            +---------+---------+-------+---------+---------+-------
        D:1 |      39 |       0 |   0.0 |      23 |       0 |   0.0
        D:2 |     154 |      37 |  19.4 |      13 |       2 |  13.3
        D:3 |       2 |       0 |   0.0 |       2 |       0 |   0.0
            +---------+---------+-------+---------+---------+-------
